 Dungeon Crawl Stone Soup version 0.30-a0-373-gd37427bb62 (webtiles) character file.

Game seed: 1705973230099982593

44 bande the Covered (level 3, -50/23 HPs)
             Began as a Gargoyle Fighter on Nov 24, 2022.
             Blown up by an orb spider (62 damage)
             ... with an orb of destruction
             ... on level 1 of the Abyss.
             The game lasted 00:01:16 (707 turns).

bande the Covered (Gargoyle Fighter)                 Turns: 707, Time: 00:01:16

Health: -50/23     AC: 10    Str: 19    XL:     3   Next: 62%
Magic:  3/3        EV:  9    Int:  8    God:
Gold:   41         SH:  4    Dex: 11    Spells: 2/2 levels left

rFire   . . .      SeeInvis .    a - +0 war axe
rCold   . . .      Faith    .    c - +0 buckler
rNeg    + . .      Spirit   .    b - +0 scale mail
rPois   ∞          Reflect  .    (no helmet)
rElec   +          Harm     .    (no cloak)
rCorr   .          Rampage  .    (no gloves)
Will    .....                    (no boots)
Stlth   ..........               (no amulet)
HPRegen 0.23/turn                (no ring)
MPRegen 0.08/turn                (no ring)

@: mighty
A: sickness immunity, AC +3, negative energy resistance 1, electricity
resistance, torment resistance 1, petrification resistance
a: no special abilities


You were on level 1 of the Abyss.
You visited 1 branch of the dungeon, and saw 2 of its levels.
You visited the Abyss 1 time.

You collected 41 gold pieces.

Inventory:

Hand Weapons
 a - a +0 war axe (weapon)
Armour
 b - a +0 scale mail (worn)
 c - a +0 buckler (worn)
Scrolls
 i - a scroll of immolation {unknown}
Potions
 e - a potion of brilliance {unknown}
 f - a potion of resistance {unknown}
 g - a potion of curing {unknown}
 h - a potion of mutation {unknown}


   Skills:
 + Level 3.5 Fighting
 + Level 2.5 Axes
 + Level 3.8 Armour
 + Level 3.7 Shields


You had 2 spell levels left.
You didn't know any spells.
Your spell library was empty.

Dungeon Overview and Level Annotations

Branches:
Dungeon (2/15)

Altars:

Annotations:
D:2 Sigmund


Innate Abilities, Weirdness & Mutations

You are immune to sickness and miasma.
Your stone body is resilient. (AC +3)
You are immune to poison.
You resist negative energy. (rN+)
You are resistant to electric shocks. (rElec)
You are resistant to unholy torment.
You are immune to petrification.


Message History

The kobold shouts!
The kobold throws a stone.
The stone hits you but does no damage.
Sigmund gestures wildly while chanting.
Sigmund flickers and vanishes!
Deactivating autopickup; reactivate with Ctrl-A.
The kobold throws a stone.
You block the stone. Something hits you.
You are cast into the Abyss!
This branch contains the abyssal rune of Zot.
Reactivating autopickup.
Found a corrupted altar of Lugonu.
Unknown command.
Unknown command.
Found a stone.
HP restored.
A thrashing horror comes into view.
Found a stone and 22 gold pieces.
The thrashing horror roars!
An orb spider comes into view.
The orb spider's many legs skitter faintly.
The thrashing horror tramples you but does no damage. x2
You slash the thrashing horror!
The thrashing horror is moderately damaged.
You block the thrashing horror's attack.
The thrashing horror tramples you but does no damage.
The orb spider pulsates with a strange energy.
The thrashing horror barely misses you.
The thrashing horror closely misses you.
You slash the thrashing horror!
The thrashing horror is heavily damaged.
The thrashing horror tramples you but does no damage.
The thrashing horror closely misses you.
The thrashing horror tramples you!
You stumble backwards!
The orb spider weaves a glowing orb of energy.
An orb of destruction comes into view.
The thrashing horror closely misses you.
The thrashing horror tramples you.
You hold your ground!
Unknown command.
The orb of destruction hits you!!!
Ouch! That really hurt!
You die...

..........#.###.##.#
.. .##....##....#...
...................
....###.............
... ###............
.. ............##
....#.##.......# .
.# ..# ##......#...#
..#...####@○○○○s# ..
.. . #...X...°...# .
...._..##.#.##.#...
...... ..#.... (.#.
. ###. .## #.... .#
##. ...($# # ...###
#...


You could see a thrashing horror and an orb spider.

Vanquished Creatures
  An adder (D:2)
  A worm (D:2)
  2 dart slugs (D:1)
  3 bats (D:1)
  An endoplasm (D:1)
  2 giant cockroaches (D:1)
  5 goblins (D:1)
  4 hobgoblins (D:1)
  2 kobolds (D:1)
  3 ball pythons (D:1)
  3 rats (D:1)
27 creatures vanquished.

Notes
Turn   | Place    | Note
-------+----------+-------------------------------------------
     0 | D:1      | bande the Gargoyle Fighter began the quest for the Orb.
     0 | D:1      | Reached XP level 1. HP: 14/14 MP: 1/1
   100 | D:1      | Reached XP level 2. HP: 19/19 MP: 2/2
   318 | D:1      | Reached XP level 3. HP: 23/23 MP: 3/3
   677 | D:2      | Noticed Sigmund
   681 | Abyss:1  | Found a corrupted altar of Lugonu.
   681 | Abyss:1  | Cast into level 1 of the Abyss (Sigmund)
   701 | Abyss:1  | Noticed a thrashing horror
   702 | Abyss:1  | Noticed an orb spider
   707 | Abyss:1  | Blown up by an orb spider

Illustrated notes

Levels and vault maps discovered:
D:1:      elethiomel_arrival_quiet, layout_basic
D:2:      layout_rooms, hex_medium, uniq_terence, uniq_sigmund, uniq_jessica
Abyss:1:  base: Temple, hangedman_stitches_earthworm

Skill      XL: |  1  2 |
---------------+-------+-----
Axes           | 2 |  2.5
Fighting       | |  3.5
Armour         | |  3.8
Shields        | |  3.7

Action                   || total
-------------------------++-------
Melee: War axe           ||    71
  Use: Potion            ||     1
Armor: Scale mail        ||    47
Dodge: Dodged            ||    43
Block: Buckler           ||    23

Table legend: (Time is in decaauts)
 A = Elapsed time spent in this place.
 B = Non-inter-level travel time spent in this place.
 C = Inter-level travel time spent in this place.
 D = Time resting spent in this place.
 E = Time spent auto-exploring this place.
 F = Levels seen in this place.
 G = Mean time per level.
                   A        B        C        D        E       F      G
               +--------+--------+--------+--------+--------+-----+--------+
         Total |    737 |    737 |      0 |      0 |    527 |   3 |  245.7 |
       Dungeon |    710 |    710 |      0 |      0 |    519 |   2 |  355.0 |
         Abyss |     26 |     26 |      0 |      0 |      8 |   1 |   26.0 |
               +--------+--------+--------+--------+--------+-----+--------+

Top non-repeatable levels by time:
     D:1: 654 daAuts
     D:2: 56 daAuts
 Abyss:1: 26 daAuts
